 Dungeon Crawl Stone Soup version 0.29-a0-451-gfbfa42419e (console) character file.

Game seed: 1048805887775564417

70 Faeu the Sneak (level 4, -6/30 HPs)
             Began as a Vampire Enchanter on May 19, 2022.
             Mangled by a gnoll
             ... wielding a +0 flail
              (7 damage)
             ... on level 3 of the Dungeon.
             The game lasted 00:02:50 (1615 turns).

Faeu the Sneak (Vampire Enchanter)                  Turns: 1615, Time: 00:02:51

Health: -6/30      AC:  7    Str:  7    XL:     4   Next: 3%
Magic:  7/7        EV:  8    Int: 17    God:
Gold:   116        SH:  0    Dex: 16    Spells: 8/8 levels left

rFire   . . .      SeeInvis +   a - +1 dagger
rCold   . . .      Faith    .   (no shield)
rNeg    . . .      Spirit   .   l - +0 scale mail
rPois   .          Reflect  .   (no helmet)
rElec   .          Harm     .   k - +0 cloak
rCorr   .          Rampage  .   (no gloves)
Will    .....                   (no boots)
Stlth   ++........              (no amulet)
HPRegen 0.30/turn               (no ring)
MPRegen 0.10/turn               (no ring)

@: healing quickly
A: alive, fangs 3, see invisible, vampiric 2
a: Exsanguinate


You were on level 3 of the Dungeon.
You visited 1 branch of the dungeon, and saw 3 of its levels.

You collected 116 gold pieces.

Inventory:

Hand Weapons
 a - a +1 dagger (weapon)
Armour
 b - a +0 robe
 k - a +0 cloak (worn)
 l - a +0 scale mail (worn)
 r - a +0 buckler
Jewellery
 p - an amulet of reflection
Wands
 o - a wand of flame (40)
Scrolls
 d - a scroll of enchant weapon {unknown}
 e - 2 scrolls of amnesia {unknown}
 f - 2 scrolls of poison {unknown}
 g - 3 scrolls of identify {unknown}
 n - 2 scrolls of fog {unknown}
 q - a scroll of brand weapon {unknown}
Potions
 c - 2 potions of invisibility
 h - 2 potions of curing {unknown}
 i - a potion of heal wounds {unknown}
 j - a potion of mutation {unknown}
 m - a potion of magic {unknown}


   Skills:
 + Level 2.1 Short Blades
 + Level 2.9 Dodging
 + Level 5.1 Stealth
 + Level 2.5 Spellcasting
 + Level 5.0 Hexes


You had 8 spell levels left.
You didn't know any spells.
Your spell library contained the following spells:

 Spells                   Type           Power      Damage    Failure   Level
 Confusing Touch          Hex            19%        N/A       67%         3
 Tukima's Dance           Hex            19%        N/A       67%         3
 Ensorcelled Hibernation  Hex/Ice        20%        N/A       80%         2
 Foxfire                  Conj/Fire      8%         2x1d4     94%         1
 Magic Dart               Conj           8%         1d3       94%         1
 Dazzling Flash           Conj/Hex       20%        N/A       95%         3
 Inner Flame              Hex/Fire       10%        N/A       95%         3
 Call Imp                 Summ           2%         N/A       98%         2
 Static Discharge         Conj/Air       2%         N/A       98%         2
 Conjure Flame            Conj/Fire      2%         6-21      100%        3
 Mephitic Cloud           Conj/Pois/Air  2%         N/A       100%        3
 Flame Wave               Conj/Fire      2%         2d4       100%        4
 Lightning Bolt           Conj/Air       1%         1d12      100%        5
 Maxwell's Capacitive Co  Air            1%         ∞         100%        8


Dungeon Overview and Level Annotations

Branches:
Dungeon (3/15)

Altars:


Innate Abilities, Weirdness & Mutations

Your natural rate of healing is accelerated.
You have razor-sharp teeth.
You have supernaturally acute eyesight. (SInv)
You are afflicted with vampirism and can become a bat while bloodless.


Message History

No target in view!
Done exploring.
No target in view!
There is a stone staircase leading down here.
There is a stone staircase leading down here.
You climb downwards.
There is a stone staircase leading up here.
No target in view!
No target in view!
No target in view!
A gnoll is nearby!
There are monsters nearby!
The gnoll shouts! x2
You hit the gnoll.
The gnoll is lightly wounded.
The gnoll hits you with a +0 flail!
There are monsters nearby!
You hit the gnoll.
The gnoll is moderately wounded.
The gnoll hits you with a +0 flail! The gnoll attacks as you move away!
The gnoll hits you but does no damage.
You hit the gnoll.
The gnoll is severely wounded.
The gnoll hits you with a +0 flail!
You don't know any spells.
Unknown command.
Unknown command.
Okay, then.
Unknown command.
The gnoll attacks as you move away! The gnoll hits you with a +0 flail.
* * * LOW HITPOINT WARNING * * *
The gnoll attacks as you move away! The gnoll hits you with a +0 flail.
* * * LOW HITPOINT WARNING * * *
The gnoll attacks as you move away! The gnoll barely misses you.
The gnoll attacks as you move away! The gnoll barely misses you.
The gnoll attacks as you move away! The gnoll barely misses you.
The gnoll attacks as you move away! The gnoll hits you with a +0 flail.
* * * LOW HITPOINT WARNING * * *
The gnoll attacks as you move away! The gnoll hits you with a +0 flail!
You die...

#......# ########### #.
#......###.........# #.
#......##..........# #### ####.
#..................# ##..# #....
#......#...........# #...###....
#......#..[........###.#.##.....
##.#####...........#............
##..# #......................##
#..## ##.............#.......#
#.## #.............##.#..#.##
..### ###.......@....#...#.....##
....# #..........g.....####.#..#.
....###..............### #.#....
...................g..# #......
...#########..........#####....#.
##.# #...........(......... #.#
#........##.##........ #.#
#.........#.##........ #.#
#...........###...#### #.#
#....#..#....##.#.###. #.
..#.####....##...............


You could see 2 gnolls.

Vanquished Creatures
  A jelly (D:3)
  A gnoll (D:2)
  An orc (D:3)
  3 ball pythons
  2 bats
  6 endoplasms
  A goblin (D:1)
  2 hobgoblins (D:2)
  3 jackals (D:2)
  A quokka (D:2)
  3 frilled lizards
  2 kobolds
  2 rats
28 creatures vanquished.

Notes
Turn   | Place    | Note
-------+----------+-------------------------------------------
     0 | D:1      | Faeu the Vampire Enchanter began the quest for the Orb.
     0 | D:1      | Reached XP level 1. HP: 13/13 MP: 3/3
   511 | D:2      | Reached XP level 2. HP: 19/19 MP: 5/5
  1207 | D:3      | Found a faded altar of an unknown god.
  1266 | D:3      | Gained mutation: You are afflicted with vampirism and can
                  | become a bat while bloodless. [Vampire growth]
  1266 | D:3      | Reached XP level 3. HP: 24/24 MP: 6/6
  1404 | D:3      | Reached skill level 5 in Stealth
  1404 | D:3      | Reached skill level 5 in Hexes
  1437 | D:2      | Reached XP level 4. HP: 7/30 MP: 7/7
  1601 | D:3      | HP: 1/30 [gnoll/+0 flail (6)]
  1614 | D:3      | HP: 1/30 [gnoll/+0 flail (4)]
  1615 | D:3      | Mangled by a gnoll

Illustrated notes

Levels and vault maps discovered:
D:1:      matt_arrival_los_fun, layout_basic
D:2:      layout_basic
D:3:      minmay_wonky_spiral, layout_rooms, mainiacjoe_overflow_alcove_4,
          hellmonk_ecumenical_altar_run_dry

Skill      XL: |  1  2  3 |
---------------+----------+-----
Short Blades   | 2 |  2.1
Stealth        | 5 |  5.1
Hexes          | 5 |  5.0
Dodging        | |  2.9
Spellcasting   | |  2.5

Action                   |  1- 3 |  4- 6 || total
-------------------------+-------+-------++-------
Melee: Dagger            |    80 |     3 ||    83
       Bite              |    10 |       ||    10
       Punch             |     2 |       ||     2
 Stab: Sleeping          |     4 |       ||     4
Armor: Scale mail        |    44 |     1 ||    45
       Robe              |     1 |       ||     1
Dodge: Dodged            |    35 |     3 ||    38

Table legend: (Time is in decaauts)
 A = Elapsed time spent in this place.
 B = Non-inter-level travel time spent in this place.
 C = Inter-level travel time spent in this place.
 D = Time resting spent in this place.
 E = Time spent auto-exploring this place.
 F = Levels seen in this place.
 G = Mean time per level.
                   A        B        C        D        E       F      G
               +--------+--------+--------+--------+--------+-----+--------+
         Total |   1609 |   1533 |     76 |      0 |   1175 |   3 |  536.3 |
       Dungeon |   1609 |   1533 |     76 |      0 |   1175 |   3 |  536.3 |
               +--------+--------+--------+--------+--------+-----+--------+

Top non-repeatable levels by time:
     D:2: 803 daAuts
     D:1: 479 daAuts
     D:3: 326 daAuts
